 Dungeon Crawl Stone Soup version 0.30-a0-808-g6e0788376e (webtiles) character file.

Game seed: 11060544141668684101

609 hikkokomori the Digger (level 7, -1/41 HPs)
             Began as a Gargoyle Earth Elementalist on Feb 26, 2023.
             Slain by Duvessa
             ... wielding a +3 rapier
              (9 damage)
             ... on level 5 of the Dungeon.
             The game lasted 00:06:31 (5621 turns).

hikkokomori the Digger (GrEE)                       Turns: 5621, Time: 00:06:32

Health: -1/41      AC: 13    Str: 15    XL:     7   Next: 43%
Magic:  3/10       EV: 11    Int: 17    God:
Gold:   268        SH:  5    Dex: 10    Spells: 2/10 levels left

rFire   . . .      SeeInvis .    q - +3 flail of the Crafting Pill Bug {venom, +Blink Str+3}
rCold   . . .      Faith    .    (no shield)
rNeg    + . .      Spirit   .    f - +3 leather armour
rPois   ∞          Reflect  +    r - +0 helmet
rElec   +          Harm     .    B - +0 cloak
rCorr   .          Rampage  .    (no gloves)
Will    .....                    v - +0 pair of boots
Stlth   +                        k - amulet of reflection
HPRegen 0.26/turn                (no ring)
MPRegen 0.12/turn                (no ring)

@: lit by a corona, about to teleport, glowing
A: sickness immunity, AC +4, negative energy resistance 1, electricity
resistance, torment resistance 1, petrification resistance
a: Evoke Blink


You were on level 5 of the Dungeon.
You visited 1 branch of the dungeon, and saw 5 of its levels.

You collected 268 gold pieces.

Inventory:

Hand Weapons
 c - a +0 dagger of venom
 q - the +3 flail of the Crafting Pill Bug (weapon) {venom, +Blink Str+3}
   (You found it on level 2 of the Dungeon)

   Str:       It affects your strength (+3).
   +Blink:    It lets you blink.
Armour
 a - a +0 robe
 f - a +3 leather armour (worn)
 r - a +0 helmet (worn)
 v - a +0 pair of boots (worn)
 w - the +1 ring mail "Jual" {rF++}
   (You found it on level 3 of the Dungeon)

   rF:        It greatly protects you from fire.
 B - a +0 cloak (worn)
Magical Staves
 A - a staff of conjuration
Jewellery
 k - an amulet of reflection (around neck)
Scrolls
 g - 2 scrolls of blinking {unknown}
 j - 2 scrolls of magic mapping
 l - 2 scrolls of enchant weapon {unknown}
 o - 2 scrolls of immolation {unknown}
 p - 2 scrolls of identify {unknown}
 x - a scroll of brand weapon {unknown}
 y - 3 scrolls of fog {unknown}
Potions
 b - a potion of magic
 d - a potion of flight {unknown}
 h - 5 potions of curing
 i - 4 potions of haste
 m - a potion of cancellation {unknown}
 n - a potion of invisibility {unknown}
 t - 2 potions of attraction {unknown}
 u - a potion of heal wounds {unknown}
 z - 2 potions of lignification {unknown}


   Skills:
 + Level 3.1 Fighting
 - Level 1.5 Dodging
 + Level 5.6 Stealth
 - Level 2.0 Spellcasting
 + Level 0.0 Conjurations
 - Level 0.7 Transmutations
 + Level 6.3 Earth Magic
 + Level 3.1 Poison Magic


You had 2 spell levels left.
You knew the following spells:

 Your Spells              Type           Power      Damage    Failure   Level
a - Sandblast             Erth           46%        2d11      1%          1
b - Olgreb's Toxic Radia  Pois           12%        N/A       54%         4
c - Stone Arrow           Conj/Erth      24%        3d8       19%         3

Your spell library contained the following spells:

 Spells                   Type           Power      Damage    Failure   Level
 Passwall                 Tmut/Erth      10%        N/A       9%          2
 Lesser Beckoning         Tloc           2%         N/A       34%         2
 Petrify                  Tmut/Erth      13%        N/A       50%         4
 Gell's Gravitas          Tloc           1%         N/A       56%         3
 Teleport Other           Tloc           1%         N/A       56%         3
 Ozocubu's Refrigeration  Ice            0%         4d7       100%        7
 Ignition                 Fire           0%         3d3       100%        8


Dungeon Overview and Level Annotations

Branches:
Dungeon (5/15)
 Temple: D:4-7

Altars:
Hepliaklqana
Kikubaaqudgha
Trog
Wu Jian

Annotations:
D:3 3 runed translucent doors, cforsyth's ghost, amateur KoBr
D:5 1 runed translucent door, Crazy Yiuf; Dowan; Duvessa; Edmund


Innate Abilities, Weirdness & Mutations

You are immune to sickness and miasma.
Your stone body is resilient. (AC +4)
You are immune to poison.
You resist negative energy. (rN+)
You are resistant to electric shocks. (rElec)
You are resistant to unholy torment.
You are immune to petrification.


Message History

Dowan is moderately wounded.
Dowan points at you and mumbles some strange words.
You are outlined in light.
The blast of sand hits Dowan!
Dowan is severely wounded.
The blast of sand hits Dowan!
Dowan is almost dead.
The blast of sand hits Duvessa but does no damage.
Duvessa closely misses you.
Dowan drinks a potion.
Dowan seems to grow stronger.
Duvessa hits you with a +3 rapier. Duvessa closely misses you.
The blast of sand hits Duvessa but does no damage.
Duvessa hits you with a +3 rapier! Duvessa hits you with a +3 rapier.
The blast of sand hits Duvessa but does no damage.
You block Duvessa's attack.
Dowan gestures wildly while chanting.
Dowan blinks!
Duvessa barely misses you.
The blast of sand hits Duvessa but does no damage.
Duvessa says, "Where magic fails, the sword succeeds!"
Duvessa hits you with a +3 rapier. Duvessa hits you with a +3 rapier!
You are too injured to fight recklessly!
You are too injured to fight recklessly!
You are too injured to fight recklessly!
As you read the scroll of fear, it crumbles to dust.
You assume a fearsome visage.
Duvessa resists with almost no effort.
Dowan looks frightened!
Duvessa hits you but does no damage.
Dowan casts a spell.
Dowan blinks!
Duvessa hits you but does no damage.
As you read the scroll of teleportation, it crumbles to dust.
You feel strangely unstable. You block Duvessa's attack. Duvessa misses you.
Casting: Sandblast (safe; 1% risk of failure)
Confirm with . or Enter, or press ? or * to list all spells.
Aiming: Sandblast (safe; 1% risk of failure)
Press: ? - help, Shift-Dir - straight line, f/p - Duvessa
Aim: Duvessa, wielding a +3 rapier and wearing a +0 chain mail (fast, unusually resistant, 90% to hit)
The blast of sand hits Duvessa but does no damage.
Duvessa hits you with a +3 rapier!
* * * LOW HITPOINT WARNING * * *
Duvessa hits you with a +3 rapier!
You die...

. .. ... .... ############
..... #...........
......########.##########
.!.....e@................
......########........###
##### #######........#
#...#..........#
#.#.#.##.......#
♣♣♣♣♣##.#...##.......# ###
♣♣♣.♣.....#....#.......#
#...#♣..♣.......(.#.'.......#
#...+.♣♣♣♣........###.......#


You could see Duvessa (fast, resistant).

Vanquished Creatures
  A black bear (D:3)
  A sky beast (D:5)
  2 scorpions (D:4)
  A hound (D:4)
  An orc priest (D:4)
  2 jellies
  Robin (D:3)
  4 adders
  A worm (D:2)
  4 dart slugs
  15 orcs
  5 bats
  A bat zombie (D:4)
  9 endoplasms
  A giant cockroach (D:1)
  17 goblins
  9 hobgoblins
  6 jackals
  6 quokkas
  10 ball pythons
  5 frilled lizards
  8 kobolds
  8 rats
  A rat zombie (D:4)
119 creatures vanquished.

Notes
Turn   | Place    | Note
-------+----------+-------------------------------------------
     0 | D:1      | hikkokomori the Gargoyle Earth Elementalist began the quest
                  | for the Orb.
     0 | D:1      | Reached XP level 1. HP: 10/10 MP: 3/3
   167 | D:1      | Reached XP level 2. HP: 15/15 MP: 1/5
   234 | D:1      | Reached skill level 4 in Earth Magic
   909 | D:1      | Reached XP level 3. HP: 19/19 MP: 6/6
  1994 | D:2      | Reached XP level 4. HP: 24/24 MP: 4/7
  1999 | D:2      | Learned a level 4 spell: Olgreb's Toxic Radiance
  2256 | D:2      | Reached skill level 5 in Earth Magic
  2262 | D:2      | Identified the +3 flail of the Crafting Pill Bug {venom,
                  | +Blink Str+3}
  2859 | D:3      | Noticed cforsyth's ghost (amateur KoBr)
  2871 | D:3      | Found a runed translucent gate.
  2871 | D:3      | Found a runed translucent gate.
  2901 | D:3      | Reached skill level 1 in Poison Magic
  2934 | D:3      | Found a runed translucent gate.
  2960 | D:3      | Noticed Robin
  2993 | D:3      | Reached XP level 5. HP: 11/28 MP: 4/8
  3004 | D:3      | Killed Robin
  3238 | D:3      | Found an ornate altar of the Wu Jian Council.
  3360 | D:3      | Identified the +1 ring mail "Jual" {rF++}
  3418 | D:3      | Noticed a black bear
  3424 | D:3      | Killed a black bear
  3425 | D:3      | Reached skill level 1 in Fighting
  3425 | D:3      | Reached XP level 6. HP: 34/34 MP: 4/9
  4224 | D:4      | Found a bloodstained altar of Trog.
  4294 | D:4      | Reached skill level 5 in Stealth
  4713 | D:4      | Found a hazy altar of Hepliaklqana.
  4730 | D:4      | Reached skill level 6 in Earth Magic
  5029 | D:5      | Entered Level 5 of the Dungeon
  5239 | D:4      | Found an ancient bone altar of Kikubaaqudgha.
  5304 | D:5      | Reached XP level 7. HP: 40/40 MP: 8/10
  5320 | D:5      | Noticed Edmund
  5458 | D:5      | Learned a level 3 spell: Stone Arrow
  5580 | D:5      | Found a runed translucent door.
  5581 | D:5      | Noticed Crazy Yiuf
  5607 | D:5      | Noticed Dowan
  5609 | D:5      | Noticed Duvessa
  5621 | D:5      | Slain by Duvessa

Illustrated notes

Levels and vault maps discovered:
D:1:      mainiacjoe_arrival_reflecting_pool, layout_loops_corners,
          hangedman_feature_mirror, kennysheep_pointless_box
D:2:      minmay_recursive_quarters, layout_loops_corners, serial_aquarium,
          aquarium_bridge_long_separate [aquarium_subvault_balcony,
          aquarium_subvault_bridge, aquarium_subvault_balcony,
          aquarium_subvault_bridge, aquarium_subvault_window,
          aquarium_subvault_balcony], aquarium_window_2, aquarium_window_corner,
          aquarium_window_double, aquarium_view_2g, hangedman_decor_riveting,
          minmay_tetromino_l2
D:3:      layout_loops_ring, mainiacjoe_overflow_surrounded_room,
          gammafunk_ghost_split, chequers_serial_rivers_micro_e, uniq_robin
D:4:      layout_loops_corners, lemuel_zombie_altar_kikubaaqudgha, bloody_trog,
          nicolae_hepliaklqana_hippocampus, minmay_misc_feat_secret_circle,
          chequers_serial_rivers_large_a, nrook_campfire
D:5:      layout_basic, xom_confusion_cloud, st_stairs_2, uniq_duvessa,
          uniq_crazy_yiuf_cottage, uniq_edmund, uniq_grinder

Skill      XL: |  1  2  3  4  5  6  7 |
---------------+----------------------+-----
Earth Magic    | 4 5 6 |  6.3
Stealth        | 3 4 5 |  5.6
Poison Magic   | 1 2 3 |  3.1
Fighting       | 1 2 3 |  3.1
Dodging        | |  1.5
Spellcasting   | |  2.0
Transmutations | |  0.7

Action                     |  1- 3 |  4- 6 |  7- 9 || total
---------------------------+-------+-------+-------++-------
  Melee: Unarmed           |    13 |       |       ||    13
         Dagger            |    31 |       |       ||    31
         Flail             |       |    39 |       ||    39
   Cast: Sandblast         |    44 |    95 |    27 ||   166
    Use: Scroll            |       |     3 |     2 ||     5
   Stab: Sleeping          |     3 |     1 |       ||     4
 Armour: Robe              |     5 |       |       ||     5
         Leather armour    |    16 |    46 |     8 ||    70
  Dodge: Dodged            |    40 |    47 |    18 ||   105
  Block: Other             |     2 |    25 |     4 ||    31
         Reflection        |       |     2 |       ||     2

Table legend: (Time is in decaauts)
 A = Elapsed time spent in this place.
 B = Non-inter-level travel time spent in this place.
 C = Inter-level travel time spent in this place.
 D = Time resting spent in this place.
 E = Time spent auto-exploring this place.
 F = Levels seen in this place.
 G = Mean time per level.
                   A        B        C        D        E       F      G
               +--------+--------+--------+--------+--------+-----+--------+
         Total |   5729 |   5409 |    320 |      0 |   4626 |   5 | 1145.8 |
       Dungeon |   5729 |   5409 |    320 |      0 |   4626 |   5 | 1145.8 |
               +--------+--------+--------+--------+--------+-----+--------+

Top non-repeatable levels by time:
     D:4: 1790 daAuts
     D:2: 1468 daAuts
     D:1: 1352 daAuts
     D:3: 902 daAuts
     D:5: 215 daAuts
